Map: Paladino Terminal LE

Players

Jason

  • Race: Terran Terran
  • League: Grandmaster
  • Spawn Location: 9:00

Namshar - Winner!

  • Race: Zerg Zerg
  • League: Grandmaster
  • Spawn Location: 5:00

VOD

Have the link to the VOD?

Description

Time

  • Played on: April 8, 2017, 8:32 p.m.
  • Length: 8:40
Show
View Real Time Build Order
Export as new Build Order

Jason Terran 

Build Orders: Reaper Expand, MMM Bio 

Get SALT Encoding   

  12  0:01  SCV  
  13  0:13  SCV  
  14  0:18  Supply Depot  
  14  0:25  SCV  
  15  0:39  SCV  
  16  0:43  Barracks  
  16  0:46  Refinery  
  16  0:52  SCV  
  17  1:04  SCV  
  18  1:16  SCV  
  19  1:30  Orbital Command  
  19  1:31  Reaper  
  20  1:45  Command Center  
  20  1:56  SCV  
  20  1:59  Barracks  
  21  2:05  Barracks Reactor  
  21  2:09  Supply Depot  
  21  2:13  SCV  
  22  2:19  Refinery  
  22  2:25  SCV  
  22  2:29  Bunker  
  23  2:37  SCV  
  23  2:40  Factory  
  23  2:42  Marine  
  25  2:46  Marine  
  25  2:49  SCV  
  27  2:53  Barracks Tech Lab  
  27  3:02  Orbital Command  
  27  3:04  Marine  
  28  3:07  Marine  
  28  3:10  SCV  
  30  3:13  Marine  
  31  3:21  Stimpack  
  31  3:23  SCV  
  31  3:25  Marine x2  
  33  3:33  Supply Depot  
  34  3:34  SCV  
  33  3:41  Marine  
  33  3:42  Supply Depot  
  33  3:43  SCV  
  33  3:46  SCV  
  36  3:51  Starport  
  36  3:52  Factory Reactor  
  36  3:57  Marine x2  
  36  4:01  SCV  
  39  4:03  SCV  
  39  4:08  Supply Depot, Marine  
  41  4:13  SCV  
  42  4:19  SCV  
  42  4:20  Marine x2  
  45  4:25  SCV  
  45  4:27  Marine  
  47  4:31  Supply Depot  
  47  4:35  SCV  
  47  4:38  Medivac x2  
  52  4:43  SCV  
  57  4:45  Hellion  
  57  4:46  Hellion  
  57  4:47  SCV  
  57  4:52  Armory  
  58  4:53  Marine x2  
  58  4:56  SCV  
  58  4:57  Supply Depot  
  58  4:59  SCV  
  62  5:09  Hellion x2  
  62  5:11  Marine x2  
  68  5:24  Medivac  
  68  5:25  Medivac  
  72  5:29  Marine  
  72  5:30  Marine  
  72  5:32  Supply Depot  
  72  5:33  Hellion x2  
  78  5:41  SCV x2  
  80  5:47  Marine  
  77  5:50  Marine  
  77  5:53  Combat Shields, SCV  
  77  5:55  Barracks  
  77  5:56  Barracks  
  79  5:58  Hellion x2  
  83  6:04  Marine  
  83  6:08  Marine  
  83  6:11  Medivac x2  
  89  6:19  Hellion  
  89  6:22  Marine  
  92  6:25  Supply Depot  
  92  6:26  Marine  
  91  6:40  Marine  
  91  6:43  Marine  
  90  6:53  Marine x2  
  85  6:54  Hellion  
  85  6:58  Marine  
  85  6:59  Hellion  
  87  7:01  Marine  
  87  7:07  Barracks  
  87  7:08  Barracks  
  87  7:10  Marine  
  87  7:15  Widow Mine, Marine  
  86  7:16  Liberator, Marine  
  86  7:19  Liberator, Marine  
  88  7:26  Hellion  
  88  7:28  Marine  
  85  7:33  Marine  
  85  7:34  Marine  
  86  7:37  Marine, SCV x2  
  86  7:40  Command Center  
  89  7:45  Refinery  
  89  7:50  Hellion  
  89  7:51  Barracks Tech Lab x2, Hellion  
  93  7:56  SCV x2  
  93  7:57  Marine  
  90  8:14  Hellion  
  78  8:20  Barracks Tech Lab, Marine, Barracks Reactor  
  78  8:21  Marine  
Show
View Real Time Build Order
Export as new Build Order

Namshar Zerg - Winner!

Build Orders: Pool First 

Get SALT Encoding   

  12  0:00  Drone  
  13  0:12  Overlord  
  13  0:18  Drone  
  14  0:31  Drone x2  
  14  0:34  Drone  
  17  0:47  Spawning Pool  
  16  0:52  Drone  
  16  0:56  Drone  
  18  1:00  Extractor  
  17  1:16  Hatchery  
  16  1:18  Drone  
  16  1:23  Drone  
  18  1:34  Queen  
  18  1:39  Zergling x2  
  21  1:46  Overlord  
  21  1:51  Drone  
  22  2:00  Metabolic Boost  
  22  2:10  Zergling x2, Queen  
  25  2:22  Drone x2  
  26  2:29  Drone  
  27  2:32  Drone  
  28  2:39  Drone  
  28  2:41  Pneumatized Carapace  
  28  2:44  Drone x2  
  31  2:47  Zergling x2  
  31  2:48  Zergling x2  
  33  2:52  Overlord  
  33  2:58  Drone  
  33  3:04  Overlord  
  34  3:06  Drone  
  34  3:11  Drone  
  35  3:21  Drone x6  
  41  3:27  Queen  
  41  3:31  Drone x2  
  45  3:40  Overlord  
  45  3:44  Drone  
  45  3:47  Evolution Chamber  
  45  3:56  Hatchery  
  45  4:00  Drone x2  
  45  4:01  Drone, Extractor  
  45  4:12  Zerg Ground Armor Level 1  
  45  4:13  Drone  
  45  4:15  Roach Warren  
  45  4:20  Queen  
  45  4:21  Queen  
  49  4:27  Drone  
  51  4:31  Drone x3, Extractor  
  51  4:32  Overlord  
  52  4:53  Overlord x2  
  52  4:58  Lair  
  52  4:59  Roach  
  56  5:00  Roach x6  
  56  5:06  Overlord  
  66  5:11  Overlord  
  66  5:18  Roach x3  
  72  5:25  Overlord  
  72  5:28  Drone  
  73  5:29  Drone x4  
  73  5:30  Drone  
  73  5:31  Evolution Chamber  
  76  5:45  Drone x7  
  77  5:52  Queen  
  77  5:55  Overlord  
  77  5:56  Glial Reconstitution  
  79  6:02  Drone  
  79  6:03  Extractor  
  79  6:08  Roach x5  
  89  6:18  Roach x2  
  91  6:23  Drone x2  
  91  6:24  Drone  
  94  6:34  Roach  
  94  6:35  Roach x5  
  92  6:49  Roach x3  
  92  6:52  Roach x8  
  108  6:57  Roach  
  108  6:58  Roach  
  104  7:05  Roach  
  104  7:06  Roach x2  
  100  7:18  Roach x3  
  96  7:27  Roach  
  96  7:28  Roach x2  
  94  7:31  Roach  
  94  7:32  Roach  
  94  7:36  Queen  
  100  7:37  Roach  
  102  7:45  Extractor, Queen  
  102  7:50  Drone  
  102  7:51  Drone  
  105  7:59  Overlord x4  
  105  8:02  Roach  
  105  8:04  Roach  
  104  8:16  Roach x7  
  104  8:17  Roach x3  
  112  8:22  Overseer  
  112  8:24  Drone  
  113  8:29  Extractor  
Tags
 
Add a new tag
Caveats
  • Supply blocks, unpowered buildings, or Contaminate may cause inaccurate times.
  • Supply counts are checked every 10 seconds.